AoeStats
← Metal

Arabia

510221378Analyzed
2v2 RM · 2d ago on Sep 30, 2026· 36m 59s· 4 players
Game mode
Random Map
Map size
Medium (4 player)
Population
200
Speed
Normal
Resources
Standard
Victory
Conquest
Starting age
Dark Age
Ending age
Imperial Age
RankedLock teamsTeams togetherTeam positionsShared explorationLock speedFull tech treeHidden civsTurbo modeCheats
Victory
Defeat
🇺🇸 Shu · United States
883
+15
🇻🇪 Celts · Venezuela
811
+17
🇦🇷 Vietnamese · Argentina
867
-17
🇦🇷 Armenians · Argentina
831
-15
KOSTERK
1:03 Loom
11:14 Feudal Age
17:40 Castle Age
19:23 Forging
19:59 Squires
21:33 Fletching
22:23 Scale Mail Armor
21:56 Pikeman
23:12 Bodkin Arrow
23:41 Scale Mail Armor
26:57 Chain Mail Armor
31:05 Scale Barding Armor
33:21 Double-Bit Axe
dougelslkoster
13:01 Feudal Age
14:26 Gold Mining
14:28 Stone Mining
14:28 Horse Collar
17:23 Scale Mail Armor
19:43 Castle Age
18:53 Forging
18:50 Man-at-Arms
21:25 Gold Shaft Mining
22:43 Wheelbarrow
22:56 Double-Bit Axe
23:51 Loom
25:16 Gambesons
28:23 Hand Cart
28:38 Hand Cart
30:17 Long Swordsman
33:09 Arson
34:06 Bow Saw
BeRnY
3:27 Loom
11:49 Feudal Age
15:47 Arson
17:02 Double-Bit Axe
21:50 Castle Age
20:24 Forging
20:13 Arson
21:44 Wheelbarrow
21:18 Scale Mail Armor
22:03 Gold Mining
22:05 Stone Mining
22:04 Horse Collar
23:20 Squires
27:30 Bow Saw
27:51 Town Watch
28:00 Fletching
28:34 Padded Archer Armor
33:52 Iron Casting
33:33 Chain Mail Armor
33:37 Bodkin Arrow
35:48 Husbandry
35:59 Scale Barding Armor
36:42 Murder Holes
36:28 Treadmill Crane
Metal
3:10 Loom
11:37 Feudal Age
14:26 Double-Bit Axe
15:44 Gold Mining
15:50 Fletching
17:29 Horse Collar
18:00 Padded Archer Armor
23:28 Castle Age
22:10 Town Watch
22:18 Stone Mining
23:40 Scale Barding Armor
24:35 Bodkin Arrow
Connection lost

Rejoining the realm…

Still unreachable

The connection could not be restored.

Session expired

The server has moved on; the page needs a fresh start.